 Dungeon Crawl Stone Soup version 0.28.0-53-g5a82cb258f (webtiles) character file.

Game seed: 18417465528676695017

55 jiml777 the Digger (level 3, 0/19 HPs)
             Began as a Gargoyle Earth Elementalist on June 10, 2022.
             Slain by Terence
             ... wielding a +0 mace of protection
              (3 damage)
             ... on level 2 of the Dungeon.
             The game lasted 00:05:15 (1548 turns).

jiml777 the Digger (Gargoyle Earth Elementalist)    Turns: 1548, Time: 00:05:16

Health: 0/19       AC:  6    Str: 11    XL:     3   Next: 93%
Magic:  7/7        EV: 11    Int: 17    God:
Gold:   19         SH:  0    Dex: 10    Spells: 6/7 levels left

rFire   . . .      SeeInvis .   j - +0 dagger (venom)
rCold   . . .      Faith    .   (no shield)
rNeg    + . .      Spirit   .   f - +0 leather armour
rPois   ∞          Reflect  .   (no helmet)
rElec   +          Harm     .   (no cloak)
rCorr   .          Rampage  .   (no gloves)
Will    .....                   (no boots)
Stlth   ++........              (no amulet)
HPRegen 0.06/turn               (no ring)
MPRegen 0.10/turn               (no ring)

@: no status effects
A: sickness immunity, AC +3, negative energy resistance 1, electricity
resistance, torment resistance 1, petrification resistance
a: no special abilities


You were on level 2 of the Dungeon.
You visited 1 branch of the dungeon, and saw 2 of its levels.

You collected 19 gold pieces.

Inventory:

Hand Weapons
 a - a +0 dagger
 j - a +0 dagger of venom (weapon)
Missiles
 c - 42 stones
 e - 24 arrows
 i - 22 sling bullets
 m - 2 datura-tipped darts
Armour
 b - a +0 robe
 f - a +0 leather armour (worn)
Scrolls
 d - a scroll of identify {unknown}
 g - a scroll of amnesia {unknown}
 l - a scroll of teleportation {unknown}
Potions
 k - a potion of berserk rage {unknown}
 n - a potion of curing {unknown}


   Skills:
 + Level 0.2 Short Blades
 + Level 0.5 Armour
 + Level 1.9 Dodging
 + Level 2.2 Stealth
 + Level 2.7 Spellcasting
 + Level 0.7 Transmutations
 + Level 4.5 Earth Magic


You had 6 spell levels left.
You knew the following spells:

 Your Spells              Type           Power      Damage    Failure   Level
a - Sandblast             Erth           34%        2d9       3%          1

Your spell library contained the following spells:

 Spells                   Type           Power      Damage    Failure   Level
 Passwall                 Tmut/Erth      9%         N/A       12%         2
 Stone Arrow              Conj/Erth      20%        3d8       28%         3
 Petrify                  Tmut/Erth      11%        N/A       63%         4


Dungeon Overview and Level Annotations

Branches:
Dungeon (2/15)

Altars:

Annotations:
D:2 Terence


Innate Abilities, Weirdness & Mutations

You are immune to sickness and miasma.
Your stone body is resilient. (AC +3)
You are immune to poison.
You resist negative energy. (rN+)
You are resistant to electric shocks. (rElec)
You are resistant to unholy torment.
You are immune to petrification.


Message History

Aim: Terence, wielding a +0 mace of protection and wearing a +0 chain mail (85% to hit)
The blast of sand hits Terence but does no damage.
Casting: Sandblast (safe; 3% risk of failure)
Confirm with . or Enter, or press ? or * to list all spells.
Aiming: Sandblast (safe; 3% risk of failure)
Press: ? - help, Shift-Dir - straight line, f/p - Terence
Aim: Terence, wielding a +0 mace of protection and wearing a +0 chain mail (85% to hit)
The blast of sand hits Terence but does no damage.
Casting: Sandblast (safe; 3% risk of failure)
Confirm with . or Enter, or press ? or * to list all spells.
Aiming: Sandblast (safe; 3% risk of failure)
Press: ? - help, Shift-Dir - straight line, f/p - Terence
Aim: Terence, wielding a +0 mace of protection and wearing a +0 chain mail (85% to hit)
The blast of sand hits Terence but does no damage.
Terence barely misses you.
Casting: Sandblast (safe; 3% risk of failure)
Confirm with . or Enter, or press ? or * to list all spells.
Aiming: Sandblast (safe; 3% risk of failure)
Press: ? - help, Shift-Dir - straight line, f/p - Terence
Aim: Terence, wielding a +0 mace of protection and wearing a +0 chain mail (85% to hit)
The blast of sand hits Terence but does no damage.
Terence hits you with a +0 mace of protection!
You barely miss Terence. Terence misses you.
You hit Terence but do no damage.
Terence is poisoned.
Terence hits you but does no damage.
You barely miss Terence.
Terence hits you with a +0 mace of protection.
Terence is nearby!
Terence screams, "I'm going to kill you!"
Terence looks more healthy.
Terence hits you with a +0 mace of protection.
Terence completely misses you.
You hit Terence but do no damage.
Terence is severely wounded.
Terence hits you with a +0 mace of protection.
* * * LOW HITPOINT WARNING * * *
It was a potion of magic.
Magic courses through your body.
Terence says, "You're history."
Terence hits you with a +0 mace of protection.
You die...

# #. ##### ##.. ###...#
#...#####.@.###
#......#@### #######
#........#### #.....#
.#...........# #.....#
...........#.#### #.....#
.###............####.....#
#.....#####...........#
#.......# ##....#.....#
#.....#.# ####.#.....#
##...##.### ##........#


You could see Terence.

Vanquished Creatures
  2 adders (D:2)
  5 bats
  2 endoplasms
  2 giant cockroaches (D:1)
  A goblin (D:1)
  6 hobgoblins (D:1)
  4 kobolds
  4 quokkas (D:1)
  4 ball pythons (D:1)
  A frilled lizard (D:1)
  3 rats
34 creatures vanquished.

Vanquished Creatures (others)
  7 toadstools (D:1)
7 creatures vanquished.

Grand Total: 41 creatures vanquished

Notes
Turn   | Place    | Note
-------+----------+-------------------------------------------
     0 | D:1      | jiml777 the Gargoyle Earth Elementalist began the quest for
                  | the Orb.
     0 | D:1      | Reached XP level 1. HP: 10/10 MP: 3/3
   228 | D:1      | Reached XP level 2. HP: 15/15 MP: 1/5
   344 | D:1      | Reached skill level 4 in Earth Magic
   655 | D:1      | Reached XP level 3. HP: 17/19 MP: 1/6
  1031 | D:1      | Found a faded altar of an unknown god.
  1523 | D:2      | Noticed Terence
  1548 | D:2      | Slain by Terence

Illustrated notes

Levels and vault maps discovered:
D:1:      nagdon_arrival_double_spiral, layout_basic,
          ebering_ecumenical_altar_ruins, chequers_serial_rivers_micro_a
D:2:      layout_rooms, minmay_indecisive_spiral, uniq_terence

Skill      XL: |  1  2 |
---------------+-------+-----
Earth Magic    | 4 |  4.5
Short Blades   | |  0.2
Armour         | |  0.5
Dodging        | |  1.9
Stealth        | |  2.2
Spellcasting   | |  2.7
Transmutations | |  0.7

Action                   || total
-------------------------++-------
Melee: Dagger            ||    43
 Cast: Sandblast         ||    39
  Use: Potion            ||     1
Armor: Robe              ||     7
       Leather armour    ||     8
Dodge: Dodged            ||    27
